[Event "EU-ch 12th"]
[Site "Aix-les-Bains"]
[Date "2011.03.22"]
[Round "1"]
[White "Poetsch, Hagen"]
[Black "Polgar, Judit"]
[Result "1/2-1/2"]
[ECO "B48"]
[WhiteElo "2415"]
[BlackElo "2686"]
[PlyCount "52"]
[EventDate "2011.03.22"]
[EventType "swiss"]
[EventRounds "11"]
[EventCountry "FRA"]
[Source "ChessBase"]
[SourceDate "2011.05.17"]
[TimeControl "40/5400+30:1800+30"]

1. e4 c5 2. Nf3 e6 3. Nc3 Nc6 4. d4 cxd4 5. Nxd4 Qc7 6. Be3 a6 7. Qd2 Nf6 8.
O-O-O Bb4 (8... Be7 {L'alternative mais Bb4 est plus actif} 9. f3 h5 10. Qf2 d6
11. h3 (11. Bd3 b5 {Vachier Lagrave,M (2730)-Bocharov,D (2594) Aeroflot Open
2010 2010 (6) 1-0} (11... Ne5 $142 $1 12. h3 b5 13. Kb1 Bb7 14. g4 b4 15. Nce2
d5 $13 {Vachier-Lagrave}))) 9. f3 Ne7 10. a3 (10. Nde2 $142 {La grande ligne}
b5 11. Bf4 e5 12. Bg5 Bb7 13. Kb1 Ba5 {Anand,V (2788)-Polgar,J (2735) FIDE-Wch
San Luis 2005 (8) 1-0} (13... O-O-O $5 {Une tentative d'amélioration analysée
par Kotronias dans "the Grandmaster battle manual"})) (10. g4) 10... Bxc3 11.
Qxc3 Qxc3 12. bxc3 d5 13. e5 Nd7 14. f4 b6 15. Nb3 {80} (15. c4) 15... Bb7 {87}
16. a4 $146 {75} ({RR} 16. Kd2 Kd8 17. Be2 Kc7 18. Bf3 h5 19. Ke2 Rac8 20. Rb1
Kb8 21. Kd2 Nf5 22. Bf2 g5 23. g3 f6 24. exf6 g4 25. Bg2 d4 26. Bxb7 dxc3+ 27.
Ke2 Kxb7 28. Rhd1 Kc7 29. Nd4 Rhe8 30. Rd3 Nxf6 {Piorun,K (2445) -Vovk,Y (2549)
/Warsaw 2008/CBM 125 Extra/1-0 (44)}) 16... Rc8 {81} 17. a5 $1 {67} b5 {79} 18.
Bd4 f6 $1 19. exf6 gxf6 20. Re1 Kf7 21. g3 {[%csl Re6][%cal
Gf1h3] 58} Nf5 {45} 22. Bh3 Rhe8 23. Bxf5 exf5 24. Rxe8 {50  L'allemand n'est
pas impressionné par sa prestigieuse adversaire et il continue de jouer trés
vite comme à son habitude.} Rxe8 25. Kd2 $14 Bc8 26.
Re1 {Temps des Blancs 48mns! Temps des Noirs 24 mns} Re4 1/2-1/2

[Event "EU-ch 12th"]
[Site "Aix-les-Bains"]
[Date "2011.03.23"]
[Round "2"]
[White "Polgar, Judit"]
[Black "Philippe, Christophe"]
[Result "1-0"]
[ECO "B90"]
[WhiteElo "2686"]
[BlackElo "2409"]
[PlyCount "55"]
[EventDate "2011.03.22"]
[EventType "swiss"]
[EventRounds "11"]
[EventCountry "FRA"]
[Source "ChessBase"]
[SourceDate "2011.05.17"]
[TimeControl "40/5400+30:1800+30"]

1. e4 c5 2. Nf3 e6 3. d4 cxd4 4. Nxd4 Nc6 5. Nc3 a6 6. Be2 d6 7. Be3 (7. O-O
Nge7 8. Nb3 g6 9. Bf4 Ne5 10. a4 N7c6 11. Qd2 Be7 12. a5 g5 13. Be3 Ng6 14. Na4
h5 15. Rad1 Nce5 16. Nb6 Rb8 17. Nd4 Ng4 18. c4 Nxe3 19. Qxe3 Qc7 20. b4 Bd7
21. Rc1 Rd8 {Kamsky,G (2735)-Polgar,J (2675)/Monte Carlo 1996/CBM 052 ext/0-1 
(88)}) 7... Nf6 8. g4 h6 ({RR} 8... Nxd4) 9. h4 Bd7 10. Rg1 d5 11. exd5 Nxd5 12. Nxd5 exd5 13. Qd2 Rc8 14. O-O-O Bb4 15. c3 Be7 16.
f4 b5 17. Kb1 Na5 18. Nf3 Bc6 $2 (18... Nc4 $142 19. Bxc4 bxc4 (19... dxc4
20. Bb6) 20. g5 (20. Qxd5 Ba4 21. Qxd8+ Bxd8 22. Rd6 Bc6 $44) 20... Bf5+ 21.
Ka1 hxg5 22. hxg5 Be4 23. Qf2 ) 19. Bd4 O-O 20. g5 $40 h5 21. Ne5
Nc4 22. Bxc4 dxc4 23. Qe2 Qe8 24. Nxc6 Rxc6 25. Qe5 f6 26. Qd5+ Kh8 27. g6 f5 28. Qf3
1-0

[Event "EU-ch 12th"]
[Site "Aix-les-Bains"]
[Date "2011.03.24"]
[Round "3"]
[White "Grandelius, Nils"]
[Black "Polgar, Judit"]
[Result "0-1"]
[ECO "B90"]
[WhiteElo "2547"]
[BlackElo "2686"]
[PlyCount "82"]
[EventDate "2011.03.22"]
[EventType "swiss"]
[EventRounds "11"]
[EventCountry "FRA"]
[Source "ChessBase"]
[SourceDate "2011.05.17"]
[TimeControl "40/5400+30:1800+30"]

1. e4 c5 2. Nf3 d6 3. d4 cxd4 4. Nxd4 Nf6 5. Nc3 a6 6. f3 e5 7. Nb3 Be6 8. Be3
Be7 9. Qd2 h5 10. O-O-O Nbd7 11. h3 ({RR} 11.
g3 Rc8 12. Nd5 Bxd5 13. exd5 Nb6 14. Bxb6 Qxb6 15. Bh3 Rc7 16. Kb1 h4 17. Qe1
Kf8 18. f4 exf4 19. gxf4 Rh5 20. Bg2 Rc4 21. Rf1 Rf5 22. Qxh4 Nh5 23. Qh3 g6
24. Rfe1 Bf6 25. Be4 Rxf4 {Anand,V (2795)-Sadler,M (2660)/Tilburg 1998/ EXT
1999/1/2-1/2 (33)}) 11... h4 (11... Rc8) 12. f4 Rc8 13. Bd3 exf4 14. Bxf4 Nh5 15. Be3 Ng3
16. Rhe1 Bf6 17. Ne2 Nxe2+ 18. Bxe2 Be5 19. Kb1 Qf6 20. Nd4 Nc5 21. Bf3 Qg6 22. Bf2 Kf8 23. Qb4 b5 24. Nf5 Nxe4 25. Nxh4 Rxh4 26. Bxh4 Ng3 27. Rd2 Kg8
28. Bxg3 Qxg3 29. Rf1 Rc4 30. Qa5 Ra4 31.
Qd8+ Kh7 32. a3 Qf4 33. Rfd1 b4 34. Bc6 (34.
Bg4 $1 bxa3 (34... Bxg4 35. Qh4+ Kg6 (35... Qh6 36. Qxg4) 36.
Rf2 Qg5 37. Qxg5+ Kxg5 38. hxg4 bxa3 39. c3 axb2 40. Rxb2 Bxc3 41. Rb3 Be5 $15)
(34... f5 $2 35. Qh4+ Qh6 36. Qxh6+ gxh6
(36... Kxh6) 37. Rxd6) 35. Qh4+) 34... Qc4 35. Rd4 $2 (35. Bd5) 35... Qxc6 36.
Qh4+ Kg8 37. Qd8+ Kh7 38. Qh4+ Kg6 39. Rg4+ Bxg4 40. hxg4 Qxg2 41. Rd3 bxa3 0-1

[Event "EU-ch 12th"]
[Site "Aix-les-Bains"]
[Date "2011.04.02"]
[Round "11"]
[White "Potkin, Vladimir"]
[Black "Polgar, Judit"]
[Result "1/2-1/2"]
[ECO "E52"]
[WhiteElo "2653"]
[BlackElo "2686"]
[PlyCount "23"]
[EventDate "2011.03.22"]
[EventType "swiss"]
[EventRounds "11"]
[EventCountry "FRA"]
[Source "ChessBase"]
[SourceDate "2011.05.17"]
[TimeControl "40/5400+30:1800+30"]

1. d4 Nf6 2. c4 e6 3. Nc3 Bb4 4. e3 O-O 5. Bd3 d5 6. Nf3 c5 7. O-O dxc4 8. Bxc4
b6 9. a3 Bxc3 10. bxc3 Bb7 11. Bb2 Nbd7 12. Qe2 1/2-1/2